 Dungeon Crawl Stone Soup version 0.18-a0-1721-gc4d1f22 (webtiles) character file.

785733 vev the Demonologist (level 27, -2/204 HPs)
             Began as a Vampire Venom Mage on Apr 7, 2016.
             Was the Champion of Makhleb.
             Slain by a death scarab (7 damage)
             ... on level 1 of the Tomb of the Ancients on Apr 9, 2016.
             The game lasted 20:29:22 (116447 turns).

vev the Demonologist (Vampire Venom Mage)         Turns: 116447, Time: 20:29:23

Health: -2/204     AC: 37    Str: 20      XL:     27
Magic:  14/36      EV: 21    Int: 18 (22) God:    Makhleb [******]
Gold:   11331      SH:  0    Dex: 25      Spells: 13 memorised, 0 levels left

rFire  + + .     SeeInvis +     a - +14 plutonium sword {*Contam Stlth-}
rCold  + + +     Gourm    .     K - +10 shadow dragon armour
rNeg   + + +     Faith    .     (shield currently unavailable)
rPois  ∞         Spirit   .     u - +0 hat of the Vacuum {rF+} (curse)
rElec  +         Dismiss  .     w - +2 cloak of the Jackalope {Int+4 Dex+5}
rCorr  .         Reflect  .     f - +1 pair of gloves "Guipna" {*Drain +Blink rN+++ Int+2}
SustAt .         Harm     .     h - +2 pair of boots
MR     +++++                    I - amulet of magic regeneration
Stlth  +++++++++.               C - ring of Utacez {rElec rC+ Slay+5 Stlth+}
                                v - ring of Xom's Malicious Joy {rF+ MR+++ Str+4 Int-2 Dex+2}

@: aura of abjuration, very slightly contaminated, bloodless, non-regenerating,
slowed, repel missiles, very slow, almost entirely resistant to hostile
enchantments, incredibly stealthy
A: fangs 3, see invisible, low mp 1, mutation resistance 1, unbreathing
a: Bat Form, Minor Destruction, Lesser Servant of Makhleb, Major Destruction,
Greater Servant of Makhleb, Renounce Religion, Evoke Blink
}: 4/15 runes: decaying, serpentine, silver, abyssal


You were on level 1 of the Tomb of the Ancients.
You worshipped Makhleb.
Makhleb was exalted by your worship.
You were bloodless.

You visited 13 branches of the dungeon, and saw 57 of its levels.
You visited the Abyss 1 time.
You visited 1 ziggurat, and saw 12 of its levels.
You also visited: Labyrinth, Ossuary, Ice Cave and Volcano.

You collected 11886 gold pieces.
You spent 555 gold pieces at shops.

Inventory:

Hand Weapons
 a - the +14 plutonium sword (weapon) {*Contam Stlth-}
   (You took it off a deep elf mage on level 3 of the Elven Halls)

   It causes magical contamination when unequipped.
   It makes you less stealthy.
Missiles
 H - 6 javelins (quivered)
Armour
 f - the +1 pair of gloves "Guipna" (worn) {*Drain +Blink rN+++ Int+2}
   (You found it on level 8 of the Lair of Beasts)

   It affects your intelligence (+2).
   It renders you almost immune to negative energy.
   It lets you blink.
   It causes draining when unequipped.
 h - a +2 pair of boots (worn)
 u - the cursed +0 hat of the Vacuum (worn) {rF+}
   (You found it on level 3 of the Depths)

   It protects you from fire.
   It has a curse placed upon it.
 w - the +2 cloak of the Jackalope (worn) {Int+4 Dex+5}
   (You found it on level 4 of the Realm of Zot)

   It affects your intelligence (+4).
   It affects your dexterity (+5).
 K - a +10 shadow dragon armour (worn)
Jewellery
 v - the ring of Xom's Malicious Joy (left hand) {rF+ MR+++ Str+4 Int-2 Dex+2}
   (You found it on level 2 of the Realm of Zot)

   [ring of dexterity]

   It affects your strength (+4).
   It affects your intelligence (-2).
   It affects your dexterity (+2).
   It protects you from fire.
   It affects your resistance to hostile enchantments.
 C - the ring of Utacez (right hand) {rElec rC+ Slay+5 Stlth+}
   (You found it on level 5 of the Dungeon)

   [ring of slaying]

   It affects your accuracy and damage with ranged weapons and melee attacks
   (+5).
   It protects you from cold.
   It insulates you from electricity.
   It makes you more stealthy.
 I - an amulet of magic regeneration (around neck)
 J - an uncursed ring of resist corrosion
 M - the ring "Raygil" {+Blink AC+4 Str+3 Int+2}
   (You found it on level 7 of a ziggurat)

   [ring of protection]

   It affects your AC (+4).
   It affects your strength (+3).
   It affects your intelligence (+2).
   It lets you blink.
Wands
 c - a wand of digging (15/24)
 E - a wand of teleportation (6/9)
 N - a wand of heal wounds (3/9)
 Q - a wand of disintegration (8/24)
 V - a wand of heal wounds (6/9)
Scrolls
 e - 10 scrolls of teleportation
 i - 5 scrolls of identify
 j - 4 scrolls of silence
 r - 41 scrolls of remove curse
 s - 2 scrolls of recharging
 t - 13 scrolls of fog
 y - 8 scrolls of fear
 P - 2 scrolls of blinking
 R - 5 scrolls of torment
 U - 9 scrolls of magic mapping
Potions
 d - 28 potions of curing
 g - 12 potions of flight
 k - 5 potions of ambrosia
 l - 6 potions of invisibility
 p - 6 potions of cure mutation
 q - 8 potions of blood
 x - 4 potions of resistance
 z - a potion of haste
 A - 10 potions of brilliance
 D - 10 potions of magic
 G - 11 potions of heal wounds
 O - 2 potions of cancellation
Books
 o - a book of Changes

   Spells                             Type                      Level
   a - Beastly Appendage              Transmutation                1
   b - Sticks to Snakes               Transmutation                2
   c - Spider Form                    Transmutation/Poison         3
   d - Ice Form                       Ice/Transmutation            4
   e - Blade Hands                    Transmutation                5
 Y - a book of the Sky

   Spells                             Type                      Level
   a - Summon Lightning Spire         Summoning/Air                4
   b - Airstrike                      Air                          4
   c - Silence                        Hexes/Air                    5
   d - Deflect Missiles               Charms/Air                   6
   e - Conjure Ball Lightning         Conjuration/Air              6
   f - Tornado                        Air                          9
Miscellaneous
 b - the horn of Geryon
 m - a phantom mirror
 n - a box of beasts
 X - a fan of gales


   Skills:
 + Level 14.1 Fighting
 + Level 22.6 Long Blades
 - Level 16.7 Armour
 * Level 14.9 Dodging
 - Level 18.5 Stealth
   Level 4.8 Shields
 - Level 13.9 Spellcasting
   Level 5.1 Conjurations
 - Level 13.9 Hexes
 - Level 24.1 Summonings
 - Level 12.0 Translocations
 - Level 3.1 Transmutations
 - Level 6.1 Air Magic
 - Level 3.0 Earth Magic
   Level 8.6 Poison Magic
 - Level 16.0 Invocations
 * Level 9.6 Evocations


You couldn't memorise any spells.
You knew the following spells:

 Your Spells              Type           Power        Failure   Level  Hunger
c - Confuse               Hex            ######..     1%          3    None
d - Tukima's Dance        Hex            ######..     1%          3    None
e - Malign Gateway        Summ/Tloc      ######....   14%         7    #######
i - Summon Butterflies    Summ           #######.     0%          1    None
j - Aura of Abjuration    Summ           #######...   1%          5    ####...
l - Passage of Golubria   Tloc           N/A          1%          4    None
m - Repel Missiles        Chrm/Air       ###...       12%         2    None
p - Passwall              Trmt/Erth      ###.......   12%         2    None
s - Silence               Hex/Air        #####.....   12%         5    ####...
v - Summon Mana Viper     Hex/Summ       ######..     1%          5    ####...
w - Monstrous Menagerie   Summ           #######...   1%          7    #######
x - Summon Horrible Thin  Summ           #######...   14%         8    #######
z - Apportation           Tloc           ######....   1%          1    None


Dungeon Overview and Level Annotations

Branches:
Dungeon (15/15)            Temple (1/1) D:5            Lair (8/8) D:9
  Swamp (4/4) Lair:3        Snake (4/4) Lair:4        Slime (0/6) Lair:6
    Orc (2/2) D:11            Elf (3/3) Orc:2        Vaults (5/5) D:14
  Crypt (3/3) Vaults:3       Tomb (2/3) Crypt:3      Depths (5/5) D:15
   Hell (1/1)                 Dis (0/7) Hell            Geh (0/7) Hell
    Coc (0/7) Hell            Tar (0/7) Hell            Zot (4/5) Depths:5

Altars:
Ashenzari
Cheibriados
Dithmenos
Elyvilon
Fedhas
Gozag
Kikubaaqudgha
Makhleb
Nemelex Xobeh
Okawaru
Pakellas
Qazlal
Ru
Sif Muna
Trog
Vehumet
Xom
Yredelemnul
Zin
The Shining One
Jiyva

Shops:
D:9 !   Orc:2 ([*(   Elf:1 }   Snake:1 }   Snake:2 !   Vaults:2 (

Portals:
Hell: Lair:8 Depths:1 Depths:2 Depths:3 Depths:4 Depths:5
Abyss: Depths:4 Depths:5
Pandemonium: Depths:3
Trove: Elf:1 (give +7 demon trident)

Annotations:
Lair:6 1 runed door
Tomb:2 Mennas
Depths:5 pack of angry shrikes


Innate Abilities, Weirdness & Mutations

You do not heal naturally.
You are immune to poison.
You have razor-sharp teeth.
You have supernaturally acute eyesight.
You can survive without breathing.
Your magical capacity is low (-10% MP).
You are somewhat resistant to further mutation.


Message History

You feel much better.
This wand has 3 charges left.
The death scarab misses you.
A bolt hits the death scarab!
The death scarab bites you!
* * * LOW HITPOINT WARNING * * *
The death scarab misses you. The bennu pecks you but does no damage.
The bennu claws you.
* * * LOW HITPOINT WARNING * * *
The bennu claws you but does no damage. The bennu closely misses you.
The bennu claws you!
* * * LOW HITPOINT WARNING * * *
The bennu closely misses you. The mummy priest hits you!!
* * * LOW HITPOINT WARNING * * *
The death scarab barely misses you.
Read which item? (? for menu, Esc to quit)
Blink to where?
Press: ? - help, Dir - move target cursor
As you read the scroll of blinking, it crumbles to dust.
The death scarab barely misses you. The death scarab completely misses you.
The death scarab bites you!
You die...

##...##...............##...##..#
#.....#...............#.....#..#
'..#..#...............'..#.%#..#
#.....#...............#.....#..#
##..^##....#######....##...##..#
#######....##§.^##....#######..#
...........#.§§.^#.............#
......)....#M^#B.'.............#
...........#§§bB@#.............#
#######....##%..##....#######..#
##...##....#######....##.^.##..#
#.....#...............#.....#..#
'..#.(#...............#..#^.'..#
#.....#...............#.....#..#
##...##...............##...##..#
#######...............#######..#
...............................#


You could see a bennu, a mummy priest and 2 death scarabs.

Vanquished Creatures
  Mara (Elf:3)
  2 ancient liches
  Boris (Depths:5)
  Saint Roka (Vaults:1)
  3 caustic shrikes
  A Killer Klown (Zot:3)
  Nikola (Swamp:1)
  Geryon (Hell)
  5 golden dragons
  A pandemonium lord (Zig:11)
  A profane servitor (Abyss:2)
  5 bone dragons
  9 liches
  2 hellephants
  A Hell Sentinel (Abyss:2)
  2 electric golems
  3 quicksilver dragons
  8 tentacled monstrosities
  3 deep elf blademasters
  Asterion (Depths:1)
  3 deep elf master archers (Elf:3)
  13 ancient champions
  An acid blob (Depths:5)
  Gastronok (Lair:2)
  8 sphinxes
  7 death cobs
  14 tentacled starspawn
  Frances (Swamp:2)
  6 thorn hunters
  6 shadow dragons
  11 draconian monks
  A revenant (Crypt:1)
  11 storm dragons
  5 tengu reavers
  10 fire giants
  13 greater nagas
  3 draconian knights
  13 vault wardens
  Aizul (Crypt:1)
  8 deep elf sorcerers
  3 frost giants
  3 draconian zealots (Zot:3)
  Maud (Lair:8)
  An iron dragon (Depths:5)
  2 draconian scorchers
  An emperor scorpion (shapeshifter) (Vaults:2)
  3 ghost moths
  6 deep elf elementalists
  4 curse skulls (Crypt:3)
  A juggernaut zombie (Crypt:1)
  15 stone giants
  32 very ugly things
  The ghost of Sagrath01 the Champion of Chaos, a journeyman NaEn of Makhleb (Snake:1)
  A draconian annihilator (Zot:3)
  A draconian caller (Depths:5)
  8 ironheart preservers
  2 ghouls (Crypt:1)
  2 reapers
  A war gargoyle (Vaults:3)
  2 spriggan defenders
  4 green draconians
  A juggernaut skeleton (Crypt:1)
  A stone giant (shapeshifter) (Zig:11)
  19 vampire knights
  4 salamander stormcallers
  A corrupter (Zig:9)
  4 deep elf demonologists
  6 purple draconians
  3 red draconians
  The ghost of dvd the Nimble, a journeyman TrBe of Trog (Lair:4)
  4 yellow draconians
  5 mottled draconians
  15 deep elf annihilators
  9 black draconians
  3 lorocyprocas
  7 white draconians
  11 spark wasps
  A white draconian (shapeshifter) (Elf:2)
  7 ettins
  15 deep elf death magi
  A death ooze (Swamp:4)
  15 jiangshi
  6 eidola
  An ettin (shapeshifter) (Depths:5)
  2 quicksilver dragon zombies
  4 blizzard demons
  A crystal guardian (Abyss:2)
  A minotaur (shapeshifter) (Vaults:4)
  4 green deaths
  A minotaur (Lab)
  23 vault guards
  13 fire dragons
  10 deep elf high priests
  5 mummy priests (Tomb:1)
  A great orb of eyes (shapeshifter) (Elf:3)
  16 yaktaur captains
  Fannar (D:10)
  15 great orbs of eyes
  3 ghost crabs
  7 entropy weavers
  36 naga warriors
  A fire dragon (shapeshifter) (Depths:4)
  10 ogre magi
  3 hell beasts
  14 hydras
  8 ice dragons
  7 anacondas
  7 rakshasas
  6 spriggan air magi
  4 catoblepae
  7 centaur warriors
  2 death knights
  A death yak (Lair:7)
  11 deep troll shamans
  28 dancing weapons
  5 tengu warriors
  9 alligators
  A queen ant (Zot:3)
  A titan zombie (Crypt:3)
  11 spriggan berserkers
  An orc high priest (Orc:1)
  7 deep troll earth magi
  9 hell hogs
  9 thrashing horrors
  14 vampire magi
  4 hell knights
  7 shock serpents
  5 soul eaters
  16 naga sharpshooters
  A storm dragon zombie (Crypt:2)
  A fire crab (shapeshifter) (Vaults:1)
  3 salamander mystics
  2 fire crabs
  Nergalle (Lair:1)
  7 iron trolls
  3 sun demons
  29 deep elf knights
  17 wretched stars
  3 golden dragon zombies
  6 spatial maelstroms
  6 unseen horrors
  60 skeletal warriors
  28 deep trolls
  A death drake (shapeshifter) (Elf:1)
  The ghost of Qrupt the Cruncher, a novice DsAK of Lugonu (D:8)
  7 shadow wraiths
  2 spectral anacondas (Depths:3)
  5 death scarabs (Tomb:1)
  A death drake (Depths:3)
  A deep troll (shapeshifter) (Vaults:5)
  11 flayed ghosts
  3 shambling mangroves
  A storm dragon skeleton (Crypt:2)
  10 giant orange brains
  Pikel (D:3)
  20 phantasmal warriors
  11 orc knights
  5 swamp dragons
  9 hill giants
  45 starcursed masses
  24 deep elf archers
  5 anubis guards (Tomb:1)
  12 naga ritualists
  A ghost moth zombie (Crypt:3)
  11 ironbrand convokers
  2 iron dragon zombies
  An orb spider (Abyss:3)
  3 orange crystal statues
  A tengu skeleton (Vaults:4)
  5 wizards
  A harpy (shapeshifter) (Vaults:4)
  7 harpies
  76 deep elf magi
  56 ugly things
  3 wolf spider zombies
  18 mana vipers
  5 orc sorcerers
  9 necromancers
  A wolf spider (shapeshifter) (Abyss:3)
  2 fire giant zombies
  16 salamanders
  2 stone giant zombies
  2 frost giant zombies (Crypt:3)
  3 hornets
  A salamander (shapeshifter) (Vaults:5)
  6 fauns (Depths:2)
  15 moths of wrath
  6 wolf spiders
  3 sixfirhies
  5 manticores
  13 griffons
  A dire elephant zombie (Crypt:2)
  14 guardian serpents
  8 worldbinders
  4 cyclopes
  22 vault sentinels
  A frost giant skeleton (Crypt:2)
  4 fire giant skeletons
  3 water nymphs (Depths:2)
  41 elephants
  62 black mambas
  27 naga magi
  5 apocalypse crabs
  A rust devil (Depths:1)
  A storm dragon simulacrum (Vaults:1)
  7 orange demons
  3 gargoyles
  3 centaur zombies
  23 spiny frogs
  19 smoke demons
  3 ice statues (IceCv)
  A torpor snail (Lair:7)
  A dire elephant skeleton (Abyss:2)
  A spiny frog (shapeshifter) (Abyss:2)
  A yaktaur zombie (Vaults:1)
  5 kobold demonologists (Vaults:2)
  3 rime drakes
  10 komodo dragons
  A yaktaur (shapeshifter) (D:14)
  4 efreet
  A hellion (Abyss:3)
  45 yaktaurs
  10 freezing wraiths
  3 human zombies
  4 centaur skeletons
  4 human skeletons
  16 ice devils
  4 spectral merfolk (Depths:3)
  2 yaktaur skeletons
  3 anaconda simulacra
  5 red devils
  2 hydra zombies
  4 tengu conjurers
  A polar bear (shapeshifter) (Vaults:3)
  A minotaur zombie (Lab)
  10 hellwings
  A queen bee (Orc:1)
  9 trolls
  A polar bear (Lair:7)
  A catoblepas skeleton (Crypt:3)
  21 ancient zymes
  44 large abominations
  8 guardian mummies
  3 jumping spiders
  A jumping spider (shapeshifter) (D:15)
  A merfolk (shapeshifter) (Depths:3)
  Grinder (D:3)
  8 giant leeches
  30 two-headed ogres
  A snapping turtle (shapeshifter) (Vaults:5)
  A shadow dragon simulacrum (Crypt:2)
  33 blink frogs
  27 raiju
  3 ettin zombies
  3 ushabtiu
  9 bog bodies
  9 boulder beetles
  A hornet zombie (D:13)
  2 ettin skeletons
  34 slime creatures
  13 redbacks
  Sigmund (D:3)
  7 air elementals
  7 flying skulls
  A satyr skeleton (Crypt:2)
  3 tarantellas
  A yak (shapeshifter) (Vaults:5)
  29 yaks
  5 vampires
  5 spriggans
  7 water elementals
  17 wraiths
  6 fire bats
  9 shadows
  The ghost of barb4r1an the Skirmisher, an amateur MiBe of Trog (D:4)
  A tarantella (shapeshifter) (D:14)
  2 wyverns (D:15)
  2 hogs
  8 fire elementals
  3 hippogriffs (shapeshifter)
  A fire bat (shapeshifter) (Depths:2)
  2 golden eyes (Abyss:2)
  17 ynoxinuls
  40 vampire mosquitoes
  14 neqoxecs
  A human (shapeshifter) (Depths:3)
  3 basilisks
  8 chaos spawn
  A hungry ghost (Abyss:2)
  43 small abominations
  Menkaure (D:7)
  8 hippogriffs
  4 mottled dragons
  10 wargs
  A water nymph zombie (Crypt:3)
  8 spatial vortices
  15 insubstantial wisps
  72 nagas
  2 harpy simulacra (IceCv)
  5 hydra simulacra (IceCv)
  20 hell hounds
  19 swamp worms
  An orb spider zombie (Crypt:1)
  A spectral troll (Depths:3)
  8 porcupines
  20 water moccasins
  2 giant eyeballs
  A monstrous demonspawn skeleton (Crypt:2)
  2 spiny frog zombies
  An ettin simulacrum (IceCv)
  A spectral spriggan (Depths:3)
  An anubis guard zombie (Crypt:1)
  50 orc warriors
  8 swamp drakes
  2 phantoms
  7 sky beasts
  3 slaves (D:3)
  A black bear (D:7)
  2 necrophages
  An ogre (shapeshifter) (Vaults:4)
  3 snapping turtle zombies
  A spiny frog skeleton (Hell)
  16 ice beasts
  12 wasps
  42 ogres
  2 eyes of draining
  9 boggarts (Vaults:1)
  31 centaurs
  19 wolves
  An orc skeleton (Vaults:1)
  6 big kobolds
  20 crocodiles
  13 giant frogs
  5 earth elementals
  An ogre simulacrum (Vaults:1)
  2 gnoll sergeants (D:10)
  A hell hound skeleton (Crypt:1)
  4 scorpions
  A wyvern skeleton (D:9)
  A polar bear zombie (Crypt:2)
  A boulder beetle zombie (Vaults:2)
  2 spectral nagas (Depths:3)
  42 killer bees
  3 spectral ogres (Depths:3)
  A human simulacrum (Vaults:2)
  3 howler monkeys
  15 wights
  3 electric eels
  5 spectral centaurs (Depths:3)
  8 crimson imps
  A black bear zombie (Crypt:2)
  A giant frog zombie (D:9)
  13 quasits
  16 orc priests
  A yaktaur simulacrum (Vaults:1)
  6 giant frog skeletons
  9 iron imps
  13 hounds
  Crazy Yiuf (D:7)
  3 gnoll shamans (D:10)
  6 jellies
  10 iguanas
  A basilisk skeleton (Crypt:2)
  A demonspawn skeleton (Crypt:3)
  21 orc wizards
  2 spriggan simulacra
  14 worker ants
  A killer bee zombie (D:9)
  A naga zombie (Crypt:3)
  A crocodile zombie (Crypt:3)
  11 sheep
  4 big kobold zombies (Ossuary)
  A felid skeleton (Crypt:2)
  2 hound skeletons
  24 mummies
  2 worker ant zombies
  A howler monkey zombie (Crypt:3)
  15 gnolls
  A naga simulacrum (Depths:3)
  21 adders
  73 river rats
  A shadow imp (D:10)
  A swamp drake skeleton (Crypt:1)
  6 white imps
  5 oozes
  4 ufetubi (Abyss:2)
  2 adder zombies
  A worm (D:2)
  3 dart slugs
  3 giant geckos
  99 orcs
  3 spectral bats (Ossuary)
  4 ball pythons
  13 bats
  6 giant cockroaches
  13 goblins
  7 hobgoblins
  19 jackals
  16 kobolds
  4 quokkas
  5 bat simulacra (Ossuary)
  6 giant newts
  A giant newt zombie (Crypt:2)
  7 gnoll zombies (Ossuary)
  4 goblin simulacra (Ossuary)
  A goblin skeleton (Crypt:2)
  4 goblin zombies (Ossuary)
  7 hobgoblin zombies
  2 kobold simulacra (Ossuary)
  6 kobold zombies
  2 orc zombies (Ossuary)
  A quokka skeleton (D:5)
  11 rats
  3 rat simulacra (Ossuary)
  3 spectral goblins (Ossuary)
  4 spectral kobolds (Ossuary)
  3 spectral rats (Ossuary)
  5 briar patches (Depths:2)
  4 fungi (Lair:8)
  A lost soul (Crypt:2)
  2 lurking horrors
  3 plants (Depths:2)
  13 starspawn tentacles
  A starspawn tentacle segment (Abyss:2)
3429 creatures vanquished.

Vanquished Creatures (collateral kills)
  A juggernaut (Depths:5)
  6 Killer Klowns (Zig:11)
  A caustic shrike (Depths:4)
  4 golden dragons
  Jory (Crypt:1)
  A profane servitor (Abyss:2)
  A bone dragon (Zig:12)
  An electric golem (Zot:2)
  6 tentacled monstrosities
  A shard shrike skeleton (Crypt:1)
  A hellephant (Zot:1)
  2 liches
  2 titans (Vaults:5)
  An eldritch tentacle (Zig:10)
  5 death cobs
  2 Executioners (Abyss:2)
  6 sphinxes
  An acid blob (Zig:3)
  5 tentacled starspawn
  6 shadow dragons
  A sphinx (shapeshifter) (Zig:11)
  3 tengu reavers (Vaults:5)
  2 storm dragons
  A draconian monk (Zot:4)
  A revenant (Depths:5)
  2 azure jellies
  A frost giant (Vaults:5)
  An iron dragon (Depths:4)
  2 greater nagas
  4 vault wardens (Vaults:5)
  An emperor scorpion (Zig:7)
  3 fire giants
  4 draconian scorchers
  An azure jelly (shapeshifter) (Vaults:5)
  A draconian knight (Zot:2)
  2 draconian zealots (Zot:3)
  2 deep elf sorcerers
  2 draconian shifters
  A spriggan defender (Depths:3)
  3 war gargoyles
  A deep elf elementalist (Abyss:3)
  A draconian annihilator (Zot:1)
  A draconian caller (Zot:2)
  2 reapers (Hell)
  A vampire knight (Crypt:1)
  A wizard (Abyss:3)
  6 very ugly things
  2 stone giants (Vaults:5)
  A black draconian (Zot:3)
  A salamander stormcaller (Zig:12)
  4 green draconians
  2 mottled draconians
  5 purple draconians
  5 white draconians
  6 red draconians
  2 dire elephants
  4 yellow draconians
  An eidolon (Abyss:3)
  An ettin (Vaults:5)
  2 green deaths
  A deep elf death mage (Vaults:5)
  A minotaur (Crypt:3)
  Snorg (D:14)
  3 fire dragons
  A jiangshi (Crypt:3)
  2 yaktaur captains
  A mummy priest (Tomb:1)
  10 vault guards
  A deep elf high priest (Vaults:5)
  2 great orbs of eyes
  6 ice dragons
  4 entropy weavers
  5 naga warriors
  A rakshasa (Abyss:2)
  A spriggan air mage (Depths:2)
  2 ghost crabs (Zig:10)
  2 centaur warriors
  7 hydras
  2 alligators (Zig:10)
  An ogre mage (Vaults:5)
  2 catoblepae
  3 dancing weapons
  3 deep troll shamans
  3 deep troll earth magi
  A hell hog (Depths:5)
  A vampire mage (Zig:12)
  14 thrashing horrors
  3 naga sharpshooters
  2 shock serpents (Zig:6)
  An orc high priest (Zig:8)
  6 wretched stars
  A spriggan berserker (Depths:2)
  A deep elf knight (Zig:8)
  3 sun demons
  A soul eater (Hell)
  4 skeletal warriors (Crypt:3)
  A shadow wraith (Depths:3)
  4 hell knights
  2 iron trolls (Depths:4)
  2 death scarabs (Tomb:2)
  A spatial maelstrom (Zig:12)
  An anaconda zombie (Hell)
  A death drake (Zig:10)
  A spectral anaconda (Depths:3)
  A giant orange brain (shapeshifter) (Vaults:5)
  A giant orange brain (Zig:12)
  A hill giant (D:14)
  2 anubis guards (Tomb:1)
  7 deep trolls
  3 deep elf archers
  2 swamp dragons
  An orange crystal statue (Zig:10)
  2 phantasmal warriors
  An anaconda skeleton (Hell)
  An orb spider (Zig:7)
  3 necromancers
  A wolf spider (Zig:7)
  A salamander (shapeshifter) (Zig:11)
  3 ugly things
  4 deep elf magi
  An orc sorcerer (Zig:2)
  A sixfirhy (Abyss:2)
  2 shining eyes (Zig:5)
  2 worldbinders
  A manticore (Zig:8)
  A hornet (Vaults:5)
  2 moths of wrath (Zig:7)
  4 guardian serpents
  An eye of devastation (Depths:4)
  2 black mambas
  An apocalypse crab (Zig:9)
  2 naga magi (Zig:6)
  3 smoke demons
  2 ice statues (Hell)
  3 vault sentinels (Vaults:5)
  A black mamba (shapeshifter) (Zig:8)
  A torpor snail (shapeshifter) (Zig:11)
  A water nymph (shapeshifter) (Zig:11)
  4 orange demons
  A spiny frog (Zig:10)
  A komodo dragon (Lair:8)
  A demonic crawler (Hell)
  2 guardian mummies (Tomb:1)
  2 freezing wraiths
  3 yaktaurs
  An anaconda simulacrum (Depths:3)
  An ice devil (Hell)
  A jumping spider (Depths:2)
  A hydra zombie (Hell)
  2 red devils
  2 ancient zymes
  A hydra skeleton (Hell)
  2 hellwings
  2 two-headed ogres (Vaults:5)
  12 raiju
  2 blink frogs (Lair:8)
  3 bog bodies (Swamp:4)
  A boulder beetle (Hell)
  4 slime creatures
  A fire giant simulacrum (Abyss:2)
  3 air elementals
  4 starcursed masses (Abyss:2)
  3 tarantellas (Zig:7)
  A shadow (Swamp:4)
  A spriggan (Depths:5)
  4 ynoxinuls
  A wraith (Crypt:3)
  A water elemental (Hell)
  2 redbacks (Depths:5)
  A golden eye (Abyss:2)
  5 fire elementals
  A chaos spawn (Zig:12)
  A neqoxec (Zig:9)
  A vampire mosquito (Zig:10)
  A warg (Depths:3)
  12 nagas
  A water moccasin (Lair:8)
  A water moccasin (shapeshifter) (Vaults:5)
  3 hell hounds (Hell)
  2 spiny frog zombies (Hell)
  10 large abominations
  2 giant eyeballs
  2 swamp drakes
  An orc warrior (Zig:2)
  12 small abominations
  A wasp (Depths:5)
  An eye of draining (shapeshifter) (Abyss:2)
  An eye of draining (Zig:3)
  8 ogres (Vaults:5)
  A wolf (Depths:3)
  A snapping turtle skeleton (Abyss:2)
  3 centaurs
  A big kobold (Vaults:2)
  2 crimson imps
  2 iron imps (Abyss:2)
  4 jellies
  A naga zombie (Abyss:2)
  7 mummies (Tomb:1)
  3 river rats (Lair:7)
  A shadow imp (Abyss:3)
  2 white imps
  3 orcs (D:12)
  A kobold (Vaults:2)
  A plant (Lair:8)
  4 starspawn tentacles
496 creatures vanquished.

Vanquished Creatures (others)
  18 eldritch tentacles
  2 draconian knights
  An ettin (D:15)
  An ogre mage (Vaults:5)
  A naga sharpshooter (Snake:4)
  A small abomination (Depths:4)
  A deep elf archer (Vaults:3)
  3 necromancers (Hell)
  An ugly thing (Vaults:1)
  A salamander (Snake:4)
  3 deep elf magi
  A vault sentinel (Vaults:5)
  2 spiny frogs
  2 yaktaurs
  A raiju (Abyss:2)
  A large abomination (Abyss:2)
  An air elemental (Depths:3)
  3 golden eyes (Abyss:2)
  A swamp drake (Zig:10)
  An ogre (Vaults:3)
  2 wasps
  4 centaurs
  A killer bee (Orc:1)
  A crimson imp (Hell)
  A jelly (Abyss:3)
  2 mummies (Tomb:1)
  A gnoll zombie (Ossuary)
  A giant newt (D:4)
  A hobgoblin zombie (Ossuary)
  A kobold zombie (Ossuary)
  A briar patch (Depths:2)
  5 bushes (Lair:8)
  1290 eldritch tentacle segments
  49 fungi
  7 lost souls
  3 lurking horrors
  70 plants
  33 starspawn tentacles
  315 starspawn tentacle segments
1834 creatures vanquished.

Grand Total: 5759 creatures vanquished

Notes
Turn   | Place    | Note
--------------------------------------------------------------
     0 | D:1      | vev the Vampire Venom Mage began the quest for the Orb.
     0 | D:1      | Reached XP level 1. HP: 13/13 MP: 3/3
   286 | D:1      | Reached skill level 1 in Fighting
   459 | D:1      | Reached XP level 2. HP: 21/21 MP: 1/5
   892 | D:1      | Reached skill level 1 in Shields
  1003 | D:1      | Reached XP level 3. HP: 27/27 MP: 2/6
  1481 | D:2      | Reached XP level 4. HP: 29/34 MP: 0/7
  1891 | D:2      | Found a faded altar to an unknown god.
  2929 | D:3      | Noticed Grinder
  2942 | D:3      | Paralysed by Grinder for 4 turns
  2953 | D:3      | Gained mutation: Potions and wands are less effective at restoring your health. [potion of mutation]
  2953 | D:3      | Gained mutation: You are partially covered in large bone plates (AC +2, SH +2). [potion of mutation]
  2953 | D:3      | Gained mutation: You are frail (-10% HP). [potion of mutation]
  2957 | D:3      | Paralysed by Grinder for 2 turns
  3254 | D:2      | Learned a level 2 spell: Cure Poison
  3258 | D:2      | Learned a level 3 spell: Mephitic Cloud
  3426 | D:3      | Noticed Sigmund
  3472 | D:4      | Reached XP level 5. HP: 21/36 MP: 1/8
  3649 | D:4      | Found a shimmering altar of Xom.
  3683 | D:4      | Found a sand-covered staircase.
  3692 | Ossuary  | Entered an ossuary
  4111 | Ossuary  | Reached XP level 6. HP: 33/43 MP: 9/9
  4396 | D:4      | Noticed a slave
  4396 | D:4      | Noticed a slave
  4397 | D:4      | Noticed Pikel
  4397 | D:4      | Noticed a slave
  4397 | D:4      | Noticed a slave
  4454 | D:3      | Killed a slave
  4739 | D:3      | Paralysed by Grinder for 5 turns
  4776 | D:3      | Killed Grinder
  5466 | D:3      | Killed Sigmund
  5466 | D:3      | Reached skill level 5 in Fighting
  5466 | D:3      | Reached XP level 7. HP: 47/50 MP: 2/10
  5785 | D:3      | Found a deep blue altar of Sif Muna.
  5961 | D:4      | Found a basalt altar of Yredelemnul.
  6198 | D:4      | Noticed barb4r1an's ghost (amateur MiBe)
  6376 | D:3      | Killed Pikel
  6376 | D:3      | Reached XP level 8. HP: 40/58 MP: 1/14
  6789 | D:4      | Killed barb4r1an's ghost
  7307 | D:4      | Found a white marble altar of Elyvilon.
  7346 | D:5      | Entered Level 5 of the Dungeon
  7369 | D:5      | Got a sparkling jade ring
  7370 | D:5      | Identified the ring of Utacez {rElec rC+ Slay+5 Stlth+} (You found it on level 5 of the Dungeon)
  7626 | D:5      | Found a staircase to the Ecumenical Temple.
  7634 | D:5      | Reached skill level 1 in Air Magic
  7672 | Temple   | Entered the Ecumenical Temple
  7750 | Temple   | Became a worshipper of Makhleb the Destroyer
  8121 | D:5      | Lost mutation: You are partially covered in large bone plates (AC +2, SH +2). [potion of cure mutation]
  8121 | D:5      | Lost mutation: You are frail (-10% HP). [potion of cure mutation]
  8121 | D:5      | Lost mutation: Potions and wands are less effective at restoring your health. [potion of cure mutation]
  8170 | D:6      | Reached skill level 1 in Conjurations
  8354 | D:6      | Reached XP level 9. HP: 71/71 MP: 16/16
  8574 | D:6      | Found an ancient bone altar of Kikubaaqudgha.
  8677 | D:6      | Reached * piety under Makhleb
  8798 | D:7      | Found a white marble altar of Elyvilon.
  9044 | D:7      | Noticed Crazy Yiuf
  9052 | D:7      | Killed Crazy Yiuf
  9098 | D:7      | Found an oddly glowing altar of Pakellas.
  9117 | D:7      | Noticed Menkaure
  9119 | D:7      | Killed Menkaure
  9119 | D:7      | Reached skill level 1 in Invocations
  9134 | D:7      | Found a shadowy altar of Dithmenos.
  9429 | D:8      | Reached skill level 1 in Evocations
  9515 | D:8      | Reached skill level 5 in Stealth
  9520 | D:8      | Reached ** piety under Makhleb
  9614 | D:8      | Noticed Qrupt's ghost (novice DsAK)
  9648 | D:8      | Killed Qrupt's ghost
 10466 | D:9      | Found a staircase to the Lair.
 10558 | D:9      | Reached XP level 10. HP: 80/80 MP: 12/17
 10573 | D:9      | Found Gedynata's Distillery.
 10655 | D:9      | Noticed a hill giant
 10671 | D:9      | Killed a hill giant
 10884 | D:9      | Reached skill level 5 in Dodging
 11075 | D:9      | Reached *** piety under Makhleb
 11235 | D:9      | Reached skill level 1 in Armour
 11246 | D:10     | Entered Level 10 of the Dungeon
 12093 | D:10     | Reached **** piety under Makhleb
 12532 | D:10     | Noticed Fannar
 12569 | D:10     | Killed Fannar
 12569 | D:10     | Reached skill level 5 in Armour
 12621 | D:11     | Noticed a hill giant
 12639 | D:10     | Killed a hill giant
 12639 | D:10     | Reached XP level 11. HP: 77/86 MP: 1/18
 12934 | D:11     | Reached ***** piety under Makhleb
 12967 | D:11     | Got a coiled lead ring
 12969 | D:11     | Identified the ring "Quggeiro" {rF+ Str+2 SInv} (You found it on level 11 of the Dungeon)
 13017 | D:11     | Reached skill level 5 in Spellcasting
 13229 | D:11     | Found a staircase to the Orcish Mines.
 13826 | Lair:1   | Entered Level 1 of the Lair of Beasts
 14111 | Lair:1   | Noticed Nergalle
 14144 | Lair:1   | Killed Nergalle
 14295 | Lair:1   | Reached skill level 5 in Poison Magic
 14312 | Lair:1   | Reached skill level 5 in Invocations
 14863 | Lair:2   | Noticed a four-headed hydra
 14994 | Lair:2   | Reached ****** piety under Makhleb
 15473 | Lair:2   | Reached XP level 12. HP: 93/93 MP: 18/21
 15536 | Lair:2   | Killed a four-headed hydra
 15536 | Lair:2   | Reached skill level 5 in Evocations
 15561 | Lair:2   | Gained mutation: You have a pair of small horns on your head. [potion of mutation]
 15561 | Lair:2   | Gained mutation: Your mind is acute. (Int +2) [potion of mutation]
 15561 | Lair:2   | Gained mutation: You are somewhat resistant to further mutation. [potion of mutation]
 15848 | Lair:2   | Noticed Gastronok
 15867 | Lair:2   | Killed Gastronok
 16434 | Lair:3   | Found a dark tunnel.
 16448 | Volcano  | Entered a volcano
 17433 | Lair:3   | Reached skill level 1 in Long Blades
 17624 | Lair:3   | Found a staircase to the Swamp.
 17910 | Lair:4   | Noticed a catoblepas
 17975 | Lair:4   | Noticed dvd's ghost (journeyman TrBe)
 17984 | Lair:3   | Reached skill level 5 in Long Blades
 18028 | Lair:4   | Killed dvd's ghost
 18028 | Lair:4   | Reached XP level 13. HP: 69/98 MP: 22/22
 18460 | Lair:4   | Found a staircase to the Snake Pit.
 19193 | Lair:5   | Identified a scroll of acquirement
 19370 | Lair:5   | Reached skill level 10 in Long Blades
 20566 | Lair:6   | Found a runed door.
 20567 | Lair:6   | Found a viscous altar of Jiyva.
 20568 | Lair:6   | Noticed an azure jelly
 20568 | Lair:6   | Noticed an azure jelly
 20569 | Lair:6   | Found a staircase to the Slime Pits.
 20669 | Lair:6   | Reached skill level 5 in Air Magic
 21387 | Lair:7   | Found a labyrinth entrance.
 21408 | Lab      | Entered a labyrinth
 21679 | Lab      | Noticed a minotaur
 21690 | Lab      | Killed a minotaur
 21695 | Lab      | Got a steaming robe
 21806 | Lair:7   | Identified the cursed -5 robe of Misfortune {-Cast *Contam *Tele EV-4 Str-2 Int-2 Dex-2 Stlth-- *Curse} (You found it in a labyrinth)
 21841 | Lair:7   | Gained mutation: You tend to lose your temper in combat. [mutagenic glow]
 21938 | Lair:7   | Reached XP level 14. HP: 105/105 MP: 23/23
 22329 | Lair:7   | Got an ancient platinum ring
 22330 | Lair:7   | Identified the ring "Fohykez" {SustAt rN++ Stlth+} (You found it on level 7 of the Lair of Beasts)
 22624 | Lair:8   | Entered Level 8 of the Lair of Beasts
 23081 | Lair:8   | Noticed Maud
 23092 | Lair:8   | Killed Maud
 23322 | Lair:8   | Got a jewelled chain mail
 23323 | Lair:8   | Identified the cursed +1 chain mail "Ehuuvvoh" {+Blink Int+3} (You took it off a red devil on level 8 of the Lair of Beasts)
 23712 | Lair:8   | Got a pair of jewelled gloves
 23723 | Lair:8   | Identified the +1 pair of gloves "Guipna" {*Drain +Blink rN+++ Int+2} (You found it on level 8 of the Lair of Beasts)
 24208 | Lair:8   | Reached skill level 10 in Armour
 24557 | Lair:8   | Found a burning altar of Makhleb.
 24927 | Lair:8   | Found a gateway to Hell.
 26727 | D:13     | Reached skill level 10 in Stealth
 26827 | D:13     | Reached XP level 15. HP: 110/110 MP: 24/24
 27643 | D:14     | Found a gate to the Vaults.
 28122 | D:14     | Noticed Snorg
 28132 | D:14     | Killed Snorg
 28132 | D:14     | Reached skill level 15 in Stealth
 28465 | D:15     | Entered Level 15 of the Dungeon
 29089 | D:11     | Upgraded the game from 0.18-a0-1702-gd20c6a5 to 0.18-a0-1718-g40ea4b6
 29757 | D:11     | Learned a level 4 spell: Cause Fear
 29761 | D:11     | Learned a level 3 spell: Dazzling Spray
 29766 | D:11     | Learned a level 4 spell: Olgreb's Toxic Radiance
 29772 | Orc:1    | Entered Level 1 of the Orcish Mines
 30047 | D:11     | Reached skill level 1 in Hexes
 30817 | Orc:2    | Entered Level 2 of the Orcish Mines
 31049 | Orc:2    | Reached skill level 5 in Hexes
 31311 | Orc:2    | Found a staircase to the Elven Halls.
 31450 | Orc:2    | Found Humowk's Antique Armour Shoppe.
 31450 | Orc:2    | Found Tighylu's Assorted Antiques.
 31452 | Orc:2    | Found Ocvuhou's Weapon Shop.
 31454 | Orc:2    | Found Voffi's Weapon Emporium.
 31465 | Orc:2    | Bought a hardcover book for 435 gold pieces
 32442 | Swamp:1  | Entered Level 1 of the Swamp
 32466 | Swamp:1  | Noticed Nikola
 32890 | Swamp:1  | Killed Nikola
 33296 | Swamp:2  | Reached XP level 16. HP: 115/117 MP: 25/25
 33317 | Swamp:2  | Noticed Frances
 33325 | Swamp:2  | Killed Frances
 33353 | Swamp:2  | Got a crude helmet
 33354 | Swamp:2  | Identified the +1 helmet of the Thirteen Wars {rF++ rC++ Int-5} (You found it on level 2 of the Swamp)
 34128 | Swamp:3  | Found a frozen archway.
 34180 | IceCv    | Entered an ice cave
 34890 | IceCv    | Got a faintly humming scale mail
 34902 | IceCv    | Got an ichor-stained leather armour
 34904 | IceCv    | Identified the +1 leather armour of Wor Byll {+Inv Str+9 Dex-4} (You found it in an ice cave)
 34905 | IceCv    | Identified the cursed +1 scale mail "Kifir" {Dex+3} (You found it in an ice cave)
 35202 | Swamp:3  | Noticed a thorn hunter
 35215 | Swamp:3  | Killed a thorn hunter
 36124 | Swamp:4  | Entered Level 4 of the Swamp
 36735 | Swamp:4  | Reached skill level 10 in Dodging
 36801 | Swamp:4  | Noticed a thorn hunter
 36815 | Swamp:4  | Killed a thorn hunter
 37033 | Swamp:4  | Got a decaying rune of Zot
 37126 | Swamp:4  | Reached XP level 17. HP: 122/122 MP: 28/28
 37810 | Snake:1  | Entered Level 1 of the Snake Pit
 38853 | Snake:1  | Reached skill level 10 in Invocations
 39154 | Snake:1  | Noticed Sagrath01's ghost (journeyman NaEn)
 39274 | Snake:1  | Killed Sagrath01's ghost
 40162 | Snake:1  | Found Loufay's Gadget Emporium.
 42096 | Vaults:1 | Entered Level 1 of the Vaults
 43025 | Vaults:1 | Found an oddly glowing altar of Pakellas.
 43872 | Vaults:1 | Reached XP level 18. HP: 134/134 MP: 27/29
 44035 | Vaults:1 | Noticed Saint Roka
 44051 | Vaults:1 | Killed Saint Roka
 44915 | Elf:1    | Entered Level 1 of the Elven Halls
 44977 | Elf:1    | Found Eqoidoemi's Gadget Boutique.
 45010 | Elf:1    | Learned a level 4 spell: Passage of Golubria
 45013 | Elf:1    | Learned a level 2 spell: Passwall
 45057 | Elf:1    | Found a portal to a secret trove of treasure.
 45064 | Elf:1    | Reached skill level 1 in Translocations
 45438 | Elf:1    | Identified the Catalogue of Damage Dealing
 45476 | Elf:1    | Got a shimmering scale mail
 45484 | Elf:1    | Identified the +2 scale mail "Narratro" {Str+3 Int+4} (You found it on level 1 of the Elven Halls)
 46244 | Elf:2    | Reached skill level 5 in Translocations
 48227 | Elf:2    | Found a runed gate.
 48228 | Elf:2    | Found a runed gate.
 48228 | Elf:2    | Found a runed gate.
 49449 | Elf:2    | Reached skill level 1 in Transmutations
 49449 | Elf:2    | Reached skill level 1 in Earth Magic
 49505 | Elf:2    | Reached XP level 19. HP: 122/140 MP: 17/30
 51338 | Elf:3    | Entered Level 3 of the Elven Halls
 51505 | Elf:3    | Reached skill level 5 in Conjurations
 52217 | Elf:3    | Reached skill level 10 in Hexes
 52227 | Elf:3    | Noticed Mara
 52242 | Elf:3    | Killed Mara
 53332 | Elf:3    | Learned a level 2 spell: Cure Poison
 53888 | Elf:3    | Learned a level 1 spell: Apportation
 54506 | Elf:3    | Reached skill level 15 in Long Blades
 54506 | Elf:3    | Reached XP level 20. HP: 147/147 MP: 31/31
 54526 | Elf:3    | Identified the Handbook of Warped Summoning
 54556 | Elf:3    | Learned a level 1 spell: Summon Butterflies
 55443 | Snake:2  | Found Opleg's Distillery.
 57043 | Snake:4  | Entered Level 4 of the Snake Pit
 59886 | Snake:4  | Got a clouded ruby amulet
 59889 | Snake:4  | Identified the amulet "Zubris" {Reflect +Inv rPois SH+3} (You took it off a naga on level 4 of the Snake Pit)
 60911 | Snake:4  | Reached XP level 21. HP: 141/152 MP: 25/32
 61155 | Snake:4  | Reached skill level 15 in Armour
 61309 | Snake:4  | Reached skill level 10 in Fighting
 61522 | Snake:4  | Got a serpentine rune of Zot
 62858 | Vaults:2 | Found Ozxocle's Weapon Boutique.
 63161 | Vaults:2 | Gained mutation: You are weak. (Str -2) [a neqoxec]
 64169 | D:11     | Lost mutation: You tend to lose your temper in combat. [potion of cure mutation]
 64169 | D:11     | Lost mutation: Your mind is acute. (Int +2) [potion of cure mutation]
 64169 | D:11     | Lost mutation: You have a pair of small horns on your head. [potion of cure mutation]
 64169 | D:11     | Lost mutation: You are weak. (Str -2) [potion of cure mutation]
 64169 | D:11     | Lost mutation: You are somewhat resistant to further mutation. [potion of cure mutation]
 65089 | Vaults:3 | Found a staircase to the Crypt.
 65089 | Vaults:3 | Found a basalt altar of Yredelemnul.
 65090 | Vaults:3 | Found an ancient bone altar of Kikubaaqudgha.
 66714 | Vaults:4 | Reached skill level 10 in Spellcasting
 67056 | Vaults:4 | Reached XP level 22. HP: 130/169 MP: 29/36
 68288 | Crypt:1  | Entered Level 1 of the Crypt
 68774 | Crypt:1  | Noticed Aizul
 68812 | Crypt:1  | Killed Aizul
 68857 | Crypt:1  | Noticed Jory
 68867 | Crypt:1  | Killed Jory
 68940 | Crypt:1  | Noticed Wiglaf
 68949 | Crypt:1  | Noticed Wiglaf
 68949 | Crypt:1  | Wiglaf changed into Wiglaf the sphinx
 68950 | Crypt:1  | Killed Wiglaf the sphinx
 69341 | Crypt:1  | Found an ancient bone altar of Kikubaaqudgha.
 71428 | Crypt:3  | Entered Level 3 of the Crypt
 71902 | Crypt:3  | Noticed Xtahua
 71948 | Crypt:3  | Noticed Xtahua
 71948 | Crypt:3  | Xtahua changed into Xtahua the caustic shrike
 71963 | Crypt:3  | Killed Xtahua the caustic shrike
 72651 | Crypt:3  | Got a sparkling lead ring
 72687 | Crypt:3  | Reached XP level 23. HP: 149/175 MP: 37/37
 72785 | Crypt:3  | Identified the ring "Uxka" {rN+ Dex+6} (You found it on level 3 of the Crypt)
 72848 | Crypt:3  | Found an ancient bone altar of Kikubaaqudgha.
 72879 | Crypt:3  | Got an ancient amber ring
 73375 | D:9      | Identified the ring "Geeluat" {rF- rN+ MR- Int+7 Stlth+} (You found it on level 3 of the Crypt)
 74114 | Crypt:3  | Noticed a caustic shrike
 74114 | Crypt:3  | a tengu reaver changed into a caustic shrike
 74117 | Crypt:3  | Killed a caustic shrike
 74125 | Crypt:3  | Noticed Sojobo
 74716 | Crypt:3  | Killed a ghostly caustic shrike
 74900 | Crypt:3  | Found a staircase to the Tomb.
 75125 | Crypt:3  | Noticed Sojobo
 75125 | Crypt:3  | Sojobo changed into Sojobo the hellephant
 75131 | Crypt:3  | Killed Sojobo the hellephant
 75595 | Crypt:3  | Got a clouded lapis lazuli ring
 75638 | Crypt:3  | Identified the ring of Eptofy {*Contam rC+ rN+ MP+9} (You found it on level 3 of the Crypt)
 75915 | Crypt:3  | Noticed an ancient lich
 76076 | Crypt:3  | Killed an ancient lich
 76958 | D:15     | Found a staircase to the Depths.
 77755 | D:15     | Upgraded the game from 0.18-a0-1718-g40ea4b6 to 0.18-a0-1721-gc4d1f22
 77757 | Depths:1 | Entered Level 1 of the Depths
 77757 | Depths:1 | Noticed Asterion
 77759 | Depths:1 | Killed Asterion
 77964 | D:15     | Learned a level 5 spell: Aura of Abjuration
 78041 | D:15     | Reached skill level 2 in Summonings
 78201 | Depths:1 | Reached skill level 3 in Summonings
 78304 | Depths:1 | Reached skill level 4 in Summonings
 78493 | Depths:1 | Reached skill level 5 in Summonings
 78813 | Depths:1 | Reached skill level 6 in Summonings
 78903 | Depths:1 | Reached XP level 24. HP: 159/182 MP: 37/37
 79899 | D:15     | Learned a level 7 spell: Summon Hydra
 80084 | Depths:2 | Reached skill level 7 in Summonings
 81035 | Depths:2 | Found a gateway to a ziggurat.
 81135 | Depths:2 | Reached skill level 8 in Summonings
 81306 | Depths:2 | Noticed the Enchantress
 81330 | Depths:2 | Noticed the Enchantress
 81330 | Depths:2 | the Enchantress changed into the Enchantress the stone giant
 81333 | Depths:2 | Noticed the Enchantress
 81333 | Depths:2 | the Enchantress the stone giant changed into the Enchantress the sphinx
 81336 | Depths:2 | Killed the Enchantress the sphinx
 81339 | Depths:2 | Got a faerie dragon armour
 81342 | Depths:2 | Identified the +1 faerie dragon armour {Str+5} (You found it on level 2 of the Depths)
 81371 | Depths:2 | Reached skill level 9 in Summonings
 81416 | Depths:2 | Learned a level 2 spell: Repel Missiles
 81423 | Depths:2 | Learned a level 5 spell: Summon Mana Viper
 81446 | Depths:2 | Gained mutation: You have sharp toenails. [potion of mutation]
 81446 | Depths:2 | Gained mutation: Your muscles are strong. (Str +2) [potion of mutation]
 81447 | Depths:2 | Gained mutation: Your spells are a little harder to cast, but a little more powerful. [potion of beneficial mutation]
 81694 | Depths:2 | Reached skill level 10 in Summonings
 82410 | Depths:2 | Reached skill level 11 in Summonings
 82495 | Depths:2 | Learned a level 3 spell: Call Canine Familiar
 83359 | Depths:3 | Reached skill level 12 in Summonings
 84155 | Depths:3 | Paralysed by a giant eyeball for 3 turns
 84185 | Depths:3 | Noticed an ancient lich
 84208 | Depths:3 | Killed an ancient lich
 84208 | Depths:3 | Reached skill level 13 in Summonings
 84485 | Depths:3 | Found a one-way gate leading to the halls of Pandemonium.
 84633 | Depths:3 | Got a heavily runed hat
 84634 | Depths:3 | Identified the cursed +0 hat of the Vacuum {rF+} (You found it on level 3 of the Depths)
 84704 | Depths:3 | Reached XP level 25. HP: 188/188 MP: 37/37
 84786 | Depths:3 | Reached skill level 14 in Summonings
 86537 | Depths:4 | Reached skill level 15 in Summonings
 86621 | Depths:4 | Reached XP level 26. HP: 195/195 MP: 29/37
 87417 | Depths:4 | Reached skill level 16 in Summonings
 87430 | Depths:4 | HP: 7/195 [acid (6)]
 87656 | Depths:4 | Found a one-way gate to the infinite horrors of the Abyss.
 88818 | Depths:5 | Entered Level 5 of the Depths
 88839 | Depths:5 | Reached skill level 17 in Summonings
 89997 | Depths:5 | Reached skill level 18 in Summonings
 90869 | Depths:5 | Noticed Boris
 90881 | Depths:5 | Killed Boris
 92064 | Depths:5 | Reached skill level 19 in Summonings
 92145 | Depths:5 | Found a gate to the Realm of Zot.
 92267 | Depths:5 | Learned a level 8 spell: Summon Horrible Things
 92928 | Hell     | Entered the Vestibule of Hell
 92937 | Hell     | Noticed Geryon
 93920 | Depths:5 | Noticed a juggernaut
 93931 | Depths:5 | Killed a juggernaut
 93931 | Depths:5 | Reached skill level 20 in Summonings
 94240 | Depths:5 | Reached XP level 27. HP: 201/201 MP: 26/37
 94356 | D:15     | Learned a level 7 spell: Monstrous Menagerie
 95307 | Hell     | Found a gateway to the decaying netherworld of Tartarus.
 95447 | Hell     | Killed Geryon
 95498 | Hell     | Found a gateway to the Iron City of Dis.
 95555 | Hell     | Found a gateway to the freezing wastes of Cocytus.
 95724 | Hell     | Found a gateway to the ashen valley of Gehenna.
 96084 | Depths:5 | Voluntarily entered the Abyss.
 96416 | Abyss:1  | Gained mutation: You are somewhat resistant to further mutation. [potion of beneficial mutation]
 96420 | Abyss:1  | Got a transparent triple sword
 96437 | Abyss:1  | Identified the cursed +2 triple sword "Leici" {slice, rPois rN+ MP-9} (You found it on level 1 of the Abyss)
 96706 | Abyss:1  | Reached skill level 21 in Summonings
 97665 | Abyss:2  | Gained mutation: Armour fits poorly on your strangely shaped body. [a neqoxec]
 98282 | Abyss:2  | Reached skill level 22 in Summonings
 98394 | Abyss:2  | Found a corrupted altar of Lugonu.
 98395 | Abyss:2  | Found a viscous altar of Jiyva.
 98574 | Abyss:2  | Found a corrupted altar of Lugonu.
 98795 | Abyss:2  | Found a corrupted altar of Lugonu.
 99137 | Abyss:2  | Found a corrupted altar of Lugonu.
 99161 | Abyss:2  | Found a corrupted altar of Lugonu.
 99195 | Abyss:2  | Found a corrupted altar of Lugonu.
 99367 | Abyss:2  | Reached skill level 23 in Summonings
 99786 | Abyss:2  | Found a corrupted altar of Lugonu.
100437 | Abyss:2  | Paralysed by accursed screaming for 1 turns
101031 | Abyss:2  | Found a corrupted altar of Lugonu.
101170 | Abyss:2  | Found a viscous altar of Jiyva.
101220 | Abyss:2  | Found a corrupted altar of Lugonu.
101456 | Abyss:2  | Gained mutation: Your magical capacity is low (-10% MP). [a neqoxec]
102346 | Abyss:3  | Found a corrupted altar of Lugonu.
102361 | Abyss:3  | Got an abyssal rune of Zot
102447 | Depths:5 | Escaped the Abyss
102664 | D:15     | Lost mutation: Your muscles are strong. (Str +2) [potion of cure mutation]
102664 | D:15     | Lost mutation: Armour fits poorly on your strangely shaped body. [potion of cure mutation]
102664 | D:15     | Lost mutation: You have sharp toenails. [potion of cure mutation]
102664 | D:15     | Lost mutation: Your spells are a little harder to cast, but a little more powerful. [potion of cure mutation]
102855 | Zot:1    | Entered Level 1 of the Realm of Zot
106528 | Zot:2    | Got a bound pewter ring
106529 | Zot:2    | Identified the ring of Xom's Malicious Joy {rF+ MR+++ Str+4 Int-2 Dex+2} (You found it on level 2 of the Realm of Zot)
108834 | Zot:3    | Found a glowing silver altar of Zin.
108851 | Zot:3    | Identified the Handbook of Fire and Brimstone (You found it on level 3 of the Realm of Zot)
108851 | Zot:3    | Identified the Handbook of the Zealot (You found it on level 3 of the Realm of Zot)
108856 | Zot:3    | Learned a level 3 spell: Summon Guardian Golem
109329 | Zot:4    | Got a faintly humming cloak
109330 | Zot:4    | Identified the +2 cloak of the Jackalope {Int+4 Dex+5} (You found it on level 4 of the Realm of Zot)
109887 | Zot:4    | Got a jewelled plate armour
109888 | Zot:4    | Identified the +10 plate armour "Ofauf" {*Drain MR++ Regen+ rCorr} (You found it on level 4 of the Realm of Zot)
110573 | D:15     | Learned a level 7 spell: Malign Gateway
110577 | D:15     | Learned a level 3 spell: Tukima's Dance
110814 | Vaults:5 | Entered Level 5 of the Vaults
110845 | Vaults:5 | Reached skill level 15 in Invocations
111054 | Vaults:5 | Identified the Disquisition on Ghastly Shape Shifting
111176 | Vaults:5 | Reached skill level 10 in Translocations
112032 | Vaults:5 | Got a silver rune of Zot
113154 | D:9      | Bought a potion of haste for 120 gold pieces
113438 | Zig:1    | Entered Level 1 of a ziggurat
113461 | Zig:2    | Entered Level 2 of a ziggurat
113500 | Zig:2    | Got a jewelled chain mail
113501 | Zig:2    | Identified the +2 chain mail "Paesos" {rPois Regen+ rCorr Stlth-} (You found it on level 2 of a ziggurat)
113506 | Zig:3    | Entered Level 3 of a ziggurat
113514 | Zig:3    | Reached skill level 24 in Summonings
113533 | Zig:4    | Entered Level 4 of a ziggurat
113579 | Zig:4    | Learned a level 3 spell: Confuse
113580 | Zig:4    | Got a steaming steel ring
113581 | Zig:4    | Identified the ring of Fopahof {+Fly EV+1 Int+4} (You found it on level 4 of a ziggurat)
113604 | Zig:5    | Entered Level 5 of a ziggurat
113737 | Zig:6    | Entered Level 6 of a ziggurat
113765 | Zig:6    | Got an ancient copper amulet
113774 | Zig:6    | Identified the amulet "Pigunlir" {Reflect rElec rC+ rN+++ Str-4 SH+3} (You found it on level 6 of a ziggurat)
113828 | Zig:7    | Entered Level 7 of a ziggurat
113892 | Zig:7    | Got a smoking granite ring
113893 | Zig:7    | Identified the ring "Raygil" {+Blink AC+4 Str+3 Int+2} (You found it on level 7 of a ziggurat)
113915 | Zig:8    | Entered Level 8 of a ziggurat
114013 | Zig:9    | Entered Level 9 of a ziggurat
114113 | Zig:10   | Entered Level 10 of a ziggurat
114191 | Zig:10   | Got a brightly glowing copper ring
114192 | Zig:10   | Identified the cursed ring "Cuxo" {AC-3 Int+3} (You found it on level 10 of a ziggurat)
114421 | Zig:11   | Entered Level 11 of a ziggurat
114444 | Zig:11   | Noticed Neahuqett the pandemonium lord
114484 | Zig:11   | Killed Neahuqett the pandemonium lord
114964 | Zig:11   | Got a brightly glowing lapis lazuli ring
114965 | Zig:11   | Identified the ring of the First Gods {-Tele rF+ Str+3 Slay+4} (You found it on level 11 of a ziggurat)
114985 | Zig:11   | Got a slimy scimitar
114986 | Zig:11   | Identified the cursed +1 scimitar "Saonubbann" {venom, -Tele Str+5 Stlth+} (You found it on level 11 of a ziggurat)
115068 | Zig:12   | Entered Level 12 of a ziggurat
115320 | Zig:12   | Learned a level 5 spell: Silence
115726 | Tomb:1   | Entered Level 1 of the Tomb of the Ancients
116439 | Tomb:2   | Noticed an ancient lich
116440 | Tomb:2   | Noticed a greater mummy
116443 | Tomb:2   | Noticed a greater mummy
116443 | Tomb:2   | Noticed a greater mummy
116444 | Tomb:2   | Noticed Mennas
116446 | Tomb:1   | HP: 5/204 [mummy priest (18)]
116447 | Tomb:1   | Slain by a death scarab

Vault maps used:
D:1:      lemuel_arrival_rhombus, minmay_misc_feat_tower, minmay_cupped
D:2:      first_bread, ecumenical_altar_2
D:3:      lemuel_blue_sif_altar, uniq_grinder, uniq_sigmund
D:4:      kennysheep_ying_yang, kennysheep_mini, nicolae_ossuary_entry_giza,
          uniq_pikel
D:5:      minmay_temple_entry_large_hall
D:6:      old_standard_altar
D:7:      lemuel_doored_altar, grunt_pakellas_sulfur, elyvilon_altar_3,
          uniq_crazy_yiuf_cottage, uniq_menkaure
D:9:      lair_0_dummy, serial_shops, nicolae_shop_stone
D:10:     serial_gnoll_camp, gnoll_camp_medium_02, gnoll_camp_mini_doghouse,
          gnoll_camp_mini_basic, gnoll_camp_mini_basic, gnoll_camp_mini_hut,
          uniq_fannar
D:11:     david_orc_4, the_bakery, minmay_misc_feat_secret_circle
D:12:     hangedman_decor_lopped
D:14:     erik_vaults_2, serial_park_tiny_2, uniq_snorg
D:15:     hangedman_depths_entry_civil_slaughter, serial_park_square3,
          fountainhead
Temple:   nicolae_temple_god_jail
Lair:1:   lemuel_old_faithful, uniq_nergalle
Lair:2:   grunt_megastairs_4, uniq_gastronok
Lair:3:   minmay_swamp_entry_swarm, enter_volcano_2
Lair:4:   minmay_snake_entry_six_corridors
Lair:5:   minmay_lair_venomous_thicket
Lair:6:   slime_altar_2, grunt_megastairs_5, serial_bayou_shore_a,
          bh_autumn_forest_stairs, lemuel_fruit_fields
Lair:7:   lab_entry_generic, st_stairs_10, grunt_forest_stairs_basic,
          grunt_forest_large_clearings, lemuel_fruit_tree
Lair:8:   evil_forest, patterned_corridor, serial_bayou_shore_b, uniq_maud
Swamp:1:  evilmike_swamp_ruin_house_3, uniq_nikola
Swamp:2:  evilmike_swamp_ruin_house_1, uniq_frances
Swamp:3:  portal_ice_cave_entry_ice_beasts, evilmike_swamp_ruin_house_5,
          swamp_pool3
Swamp:4:  swamp_vile, swamp_pool3, lightli_tree_ring
Snake:1:  serial_shops, nicolae_shop_statue_plus, hangedman_snake_corridor_split
Snake:2:  special_room, serial_shops, shop, grunt_megastairs_2
Snake:3:  st_stairs_4
Snake:4:  grunt_snake_rune_spirals, st_stairs_8
Orc:1:    special_room
Orc:2:    st_orc_rangers, special_room, nicolae_orc_pool_cavern
Elf:1:    serial_shops, nicolae_shop_trees, enter_trove_1,
          minmay_elf_annihilation, minivault_25, nicolae_elf_big_sculpture_3
Elf:2:    abandoned_shop
Elf:3:    nooodl_elf_gasket, serial_sigils_hangedman_quiver, uniq_mara
Vaults:1: vaults_room_large_hall, ontoclasm_vaults_bender,
          hangedman_vaults_stitches, nicolae_vaults_big_angled_halls,
          nicolae_vaults_windows_and_doors_thing, hangedman_vaults_nails,
          ontoclasm_vaults_pinch, vaults_room_stairs_pillars,
          nicolae_vaults_big_ls, basic_altar, uniq_saint_roka
Vaults:2: vaults_room_stairs_pillars, st_diamondy, v_misc_15,
          vaults_dpeg_diagonal, v_misc_8, v_misc_33, vaults_room_door_hall,
          v_misc_16, v_misc_8, vaults_dpeg_hooks, hangedman_vaults_cutoff,
          nicolae_vaults_diagonal_hallway_8, serial_shops, shop
Vaults:3: nicolae_vaults_quadrants, v_misc_15, v_misc_10, vaults_room_door_ring,
          nicolae_vaults_yaktaur_gun_rack, vaults_room_stairs_pillars,
          nicolae_vaults_alarming, vaults_mumra_hex, vaults_room_fours,
          vaults_room_ringed_pool, ontoclasm_vaults_spin,
          minmay_crypt_entry_necro_gods
Vaults:4: v_misc_16, nicolae_vaults_little_squares_5,
          ontoclasm_vaults_decontamination, nicolae_vaults_little_squares_6,
          vaults_room_semicircle, vaults_dpeg_ring, v_misc_13, vaults_room_fours
Vaults:5: serial_shops
Crypt:1:  cheibrodos_crypt_eye_of_stone, uniq_wiglaf, uniq_jory, uniq_aizul
Crypt:2:  nicolae_crypt_niches
Crypt:3:  church_of_pain_bobbens,
          nicolae_tomb_entry_unfolded_pyramid_orthogonal, uniq_sojobo,
          uniq_xtahua
Tomb:2:   uniq_mennas
Depths:1: grunt_mini_vestibule, special_room, dk_noncrumbling_2,
          hangedman_stitches_earthworm, uniq_asterion
Depths:2: grunt_forest_end_winery, enter_ziggurat_b, grunt_decor_clamped,
          hell_entry, infiniplex_staircase_zigzag_1
Depths:3: lemuel_river_lethe, hell_entry, pan_entry
Depths:4: hangedman_arch_fort, hangedman_geh_valley, minmay_misc_feat_hallway,
          abyss_entry, minmay_staircase_windowed_large
Depths:5: grunt_zot_entry_hairpin, abyss_entry_crystal, serial_column_ruins,
          column_ruins_corridor_dead_end, column_ruins_grid_3,
          column_ruins_corridor_straight, column_ruins_open_large,
          column_ruins_open_small, column_ruins_open_small,
          serial_sigils_hangedman_scratch, hell_entry, uniq_boris
Zot:2:    lemuel_golem_globe
Zot:3:    nicolae_zot_draconian_monastery, st_single_dragon_hoard_2,
          st_stairs_3, lemuel_elevator
Abyss:3:  evilmike_abyss_exit_chaos
Zig:5:    ziggurat_loot_2
Lab:      labyrinth_hidden_loot, lab_statue, nicolae_lab_stuck
Ossuary:  ossuary_zaba_two_paths
IceCv:    ice_cave_tombish
Volcano:  volcano_village

Skill      XL: |  1  2  3  4  5  6  7  8  9 10 11 12 13 14 15 16 17 18 19 20 21 22 23 24 25 26 27 |
---------------+----------------------------------------------------------------------------------+-----
Fighting       | 1 2 3 5 6 7 8 9 13 14 | 14.1
Shields        | 1 2 3 4 |  4.8
Spellcasting   | 4 6 7 10 13 | 13.9
Air Magic      | 2 3 4 6 |  6.1
Conjurations   | 1 2 3 5 |  5.1
Poison Magic   | 4 5 6 8 |  8.6
Invocations    | 3 6 7 9 10 16 | 16.0
Stealth        | 6 7 8 10 15 16 18 | 18.5
Dodging        | 4 5 6 8 10 12 14 | 14.9
Evocations     | 2 3 4 8 9 |  9.6
Armour         | 6 11 14 15 16 | 16.7
Long Blades    | 5 11 12 15 18 21 22 | 22.6
Hexes          | 8 9 12 13 | 13.9
Translocations | 9 12 | 12.0
Transmutations | 2 3 |  3.1
Earth Magic    | 2 3 |  3.0
Summonings     | 6 13 15 20 24 | 24.1

Action                   |  1- 3 |  4- 6 |  7- 9 | 10-12 | 13-15 | 16-18 | 19-21 | 22-24 | 25-27 || total
-------------------------+-------+-------+-------+-------+-------+-------+-------+-------+-------++-------
Melee: Unarmed           |    15 |       |       |       |       |       |       |       |       ||    15
       Whip              |    75 |    38 |   190 |   647 |    33 |       |       |       |       ||   983
       Spear             |       |   230 |    42 |       |       |       |       |       |       ||   272
       Scimitar          |       |       |       |    96 |  1198 |  1620 |   199 |       |       ||  3113
       Falchion          |       |       |       |       |    29 |       |       |       |       ||    29
       Demon blade       |       |       |       |       |       |       |  1783 |   162 |       ||  1945
       Triple sword      |       |       |       |       |       |       |       |  1912 |  3470 ||  5382
Throw: Javelin           |       |       |       |       |     8 |    45 |    19 |     7 |    18 ||    97
 Cast: Sting             |    46 |    65 |    55 |   112 |    38 |       |       |       |       ||   316
       Mephitic Cloud    |       |       |     6 |    45 |    71 |    40 |    18 |     1 |     2 ||   183
       Dazzling Spray    |       |       |       |       |    23 |   109 |   144 |    73 |    76 ||   425
       Olgreb's Toxic Ra |       |       |       |       |     3 |    16 |       |       |       ||    19
       Cause Fear        |       |       |       |       |     1 |    27 |     1 |       |       ||    29
       Passage of Golubr |       |       |       |       |       |     6 |    11 |    18 |    34 ||    69
       Cure Poison       |       |       |       |       |       |       |    15 |     2 |     5 ||    22
       Summon Butterflie |       |       |       |       |       |       |     1 |       |    18 ||    19
       Apportation       |       |       |       |       |       |       |       |    13 |    56 ||    69
       Summon Mana Viper |       |       |       |       |       |       |       |    17 |   111 ||   128
       Call Canine Famil |       |       |       |       |       |       |       |    15 |    74 ||    89
       Repel Missiles    |       |       |       |       |       |       |       |     4 |    16 ||    20
       Passwall          |       |       |       |       |       |       |       |     2 |    13 ||    15
       Aura of Abjuratio |       |       |       |       |       |       |       |     1 |    29 ||    30
       Summon Hydra      |       |       |       |       |       |       |       |       |     9 ||     9
       Summon Horrible T |       |       |       |       |       |       |       |       |    53 ||    53
       Monstrous Menager |       |       |       |       |       |       |       |       |   281 ||   281
       Malign Gateway    |       |       |       |       |       |       |       |       |    20 ||    20
       Summon Guardian G |       |       |       |       |       |       |       |       |     3 ||     3
       Tukima's Dance    |       |       |       |       |       |       |       |       |     2 ||     2
Invok: Major Destruction |       |       |       |     5 |    21 |     5 |       |     1 |     8 ||    40
       Minor Destruction |       |       |       |       |    45 |    49 |    48 |    16 |     8 ||   166
       Lesser Servant of |       |       |       |       |    36 |    13 |    26 |    13 |     7 ||    95
       Greater Servant o |       |       |       |       |       |     3 |     2 |     8 |    10 ||    23
 Abil: Bat Form          |       |       |       |     1 |       |     2 |       |     7 |    12 ||    22
       End Transformatio |       |       |       |     1 |       |     2 |       |     7 |    11 ||    21
       Evoke Blink       |       |       |       |       |       |     4 |     2 |     5 |   136 ||   147
       Evoke Invisibilit |       |       |       |       |       |       |       |     2 |       ||     2
Evoke: Wand              |       |       |       |     1 |     2 |    18 |     8 |    18 |    17 ||    64
       Fan of gales      |       |       |       |       |       |     1 |     1 |       |     2 ||     4
       Deck              |       |       |       |       |       |       |       |     2 |     1 ||     3
       Sack of spiders   |       |       |       |       |       |       |       |     2 |       ||     2
  Use: Potion            |       |    18 |     6 |     9 |    25 |    23 |    27 |    30 |    62 ||   200
       Scroll            |       |     2 |     7 |    15 |    13 |    13 |    18 |    27 |    51 ||   146
 Stab: Sleeping          |     9 |     8 |    23 |    18 |    48 |    35 |    52 |    66 |    29 ||   288
       Distracted        |       |     4 |       |     5 |    17 |    21 |    27 |    21 |   135 ||   230
       Confused          |       |       |     3 |    24 |    39 |    19 |    11 |     1 |     3 ||   100
       Petrified         |       |       |       |     1 |       |       |       |       |       ||     1
       Invisible         |       |       |       |       |     4 |    11 |    51 |    11 |    11 ||    88
       Paralysed         |       |       |       |       |       |       |       |       |     4 ||     4
       Petrifying        |       |       |       |       |       |       |       |       |     1 ||     1
